 Dungeon Crawl Stone Soup version 0.16-a0-3807-g3748f16 (console) character file.

8455 Roderic the Summoner (level 11, -1/85 HPs)
             Began as a Hill Orc Summoner on Jan 26, 2015.
             Was an Elder of Ru.
             Slain by a black mamba (8 damage)
             ... on level 1 of the Lair of Beasts on Jan 27, 2015.
             The game lasted 02:10:06 (15640 turns).

Roderic the Summoner (Hill Orc Summoner)           Turns: 15640, Time: 02:10:06

Health: -1/85      AC: 11    Str: 14    XL:     11   Next: 31%
Magic:  24/26      EV: 14    Int: 21    God:    Ru [****..]
Gold:   394        SH:  0    Dex: 13    Spells: 7 memorised, 10 levels left

rFire  . . .     SeeInvis .     G - +1 spear (chaos)
rCold  . . .     Clarity  .     L - +0 robe "Haolaelo" {rPois+ Int+3 Dex+2}
rNeg   . . .     SustAb   .     (no shield)
rPois  +         Gourm    .     (no helmet)
rElec  .         Spirit   .     e - +0 cloak {+Inv}
rCorr  .         Warding  .     j - +2 pair of gloves
rMut   .         Stasis   .     r - +0 pair of boots
MR     .....                    (no amulet)
Stlth  +++.......               p - +2 ring of intelligence
                                s - +3 ring of protection

@: lethally poisoned, exhausted, no scrolls, drained, not resistant to hostile
enchantments, fairly stealthy
A: inability to read while threatened, inability to use devices
a: Sacrifice Purity, Sacrifice Nimbleness, Sacrifice Drink, Reject Sacrifices,
Draw Out Power, Power Leap, Renounce Religion


You were on level 1 of the Lair of Beasts.
You worshipped Ru.
Ru was greatly pleased with you.
You were not hungry.

You visited 3 branches of the dungeon, and saw 14 of its levels.

You collected 691 gold pieces.
You spent 297 gold pieces at shops.

Inventory:

Hand weapons
 o - a +0 halberd
 z - a +0 blowgun
 G - a +1 spear of chaos (weapon)
 J - a +0 glaive of venom
 P - a +1 hunting sling of flaming
Missiles
 f - 59 stones (quivered)
 g - a javelin of returning
 i - 39 poisoned needles
 q - 29 sling bullets
 B - 4 needles of paralysis
 F - 5 curare-tipped needles
Armour
 c - a +0 ring mail
 e - a +0 cloak of invisibility (worn)
 j - a +2 pair of gloves (worn)
 r - a +0 pair of boots (worn)
 x - a mottled dragon hide
 y - the +4 scale mail of Autotheism {+Inv Str-3 Dex+7 Stlth+}
   (You found it on level 4 of the Dungeon)

   It affects your strength (-3).
   It affects your dexterity (+7).
   It lets you turn invisible.
   It makes you more stealthy.
 L - the +0 robe "Haolaelo" (worn) {rPois+ Int+3 Dex+2}
   (You found it on level 9 of the Dungeon)

   It affects your intelligence (+3).
   It affects your dexterity (+2).
   It protects you from poison.
Jewellery
 p - a +2 ring of intelligence (right hand)
 s - a +3 ring of protection (left hand)
 v - an uncursed ring of ice
 w - the ring "Qaneaxzu" {Fire Dex+6}
   (You found it on level 9 of the Dungeon)

   [ring of fire]

   It enhances your fire magic, and weakens your ice magic.
   It affects your dexterity (+6).
   It protects you from fire.
   It makes you vulnerable to cold.
 H - an uncursed ring of protection from fire
 N - an uncursed ring of wizardry
Scrolls
 k - a scroll of fear {unknown}
 m - 9 scrolls of remove curse
 n - a scroll of teleportation
 C - a scroll of amnesia
 K - a scroll of vulnerability {unknown}
 M - a scroll of fog {unknown}
 O - a scroll of recharging {unknown}
Potions
 d - a potion of might {unknown}
 h - a potion of berserk rage {unknown}
 l - a potion of resistance {unknown}
 t - 2 potions of flight
 u - a potion of brilliance {unknown}
 A - 3 potions of restore abilities
 D - a potion of haste {unknown}
Books
 a - a book of Party Tricks

   Spells                             Type                      Level
   a - Summon Butterflies             Summoning                    1
   b - Apportation                    Translocation                1
   c - Tukima's Dance                 Hexes                        3
   d - Alistair's Intoxication        Transmutation/Poison         4
   e - Invisibility                   Hexes                        6
 b - a book of Callings

   Spells                             Type                      Level
   a - Summon Small Mammal            Summoning                    1
   b - Call Imp                       Summoning                    2
   c - Call Canine Familiar           Summoning                    3
   d - Summon Guardian Golem          Hexes/Summoning              4
   e - Summon Lightning Spire         Summoning/Air                4
   f - Summon Ice Beast               Ice/Summoning                4
 I - a Young Poisoner's Handbook

   Spells                             Type                      Level
   a - Sting                          Conjuration/Poison           1
   b - Cure Poison                    Poison                       2
   c - Mephitic Cloud                 Conjuration/Poison/Air       3
   d - Olgreb's Toxic Radiance        Poison                       4
   e - Venom Bolt                     Conjuration/Poison           5
Comestibles
 E - 2 meat rations
 R - 7 beef jerkies


   Skills:
 + Level 4.7(4.3) Fighting
 + Level 5.2(4.8) Polearms
 + Level 0.8(0.5) Slings
 + Level 5.5(5.1) Armour
 + Level 5.3(4.9) Dodging
 + Level 4.3(4.0) Stealth
 + Level 0.2(0.0) Unarmed Combat
 + Level 7.0(6.6) Spellcasting
 + Level 1.3(0.9) Conjurations
 + Level 1.2(0.8) Hexes
 + Level 10.0(9.6) Summonings
 + Level 1.2(0.9) Poison Magic


You had 10 spell levels left.
You knew the following spells:

 Your Spells              Type           Power        Failure   Level  Hunger
a - Summon Small Mammal   Summ           ####         1%          1    None
b - Call Imp              Summ           #####...     1%          2    None
c - Call Canine Familiar  Summ           #####...     1%          3    #......
d - Sting                 Conj/Pois      ##..         8%          1    None
e - Cure Poison           Pois           ##........   12%         2    None
f - Summon Guardian Gole  Hex/Summ       ####....     14%         4    ###....
g - Summon Butterflies    Summ           #####...     1%          1    None


Dungeon Overview and Level Annotations

Branches:
Dungeon (12/15)            Temple (1/1) D:6            Lair (1/8) D:10
    Orc (0/4) D:11

Altars:
Ashenzari
Cheibriados
Dithmenos
Elyvilon
Fedhas
Gozag
Kikubaaqudgha
Makhleb
Nemelex Xobeh
Okawaru
Qazlal
Ru
Sif Muna
Trog
Vehumet
Yredelemnul
Zin
The Shining One
Beogh

Shops:
D:7 !

Portals:
Bazaar: D:12

Annotations:
D:3 zkyp's ghost, average HEHu
D:4 Eustachio; Prince Ribbit
D:12 exclusion: obsidian statue


Innate Abilities, Weirdness & Mutations

You cannot read scrolls while threatened.
You cannot study or use magical devices.


Message History

Casting: Sting
Confirm with . or Enter, or press ? or * to list all spells.
You feel sick. The hound barely misses your white imp.
The black mamba is stunned by your will and fails to attack.
Your crimson imp completely misses the black mamba.
Your crimson imp hits the hound but does no damage.
Your white imp hits the hound.
Your white imp freezes the hound.
The hound dies!
The black mamba bites you!
You swap places.
You feel sick.
You miss the black mamba.
The black mamba is lightly wounded.
You feel sick. The black mamba bites you!
* * * LOW HITPOINT WARNING * * *
Your crimson imp misses the black mamba.
Your crimson imp blinks!
The black mamba closely misses you.
* * * LOW HITPOINT WARNING * * *
You feel sick. The black mamba bites you!
You die...

.....▒.▒▒▒.▒▒▒▒
▒.5.S.......... .▒.
▒.<.▒ ▒.▒....
.....▒h▒▒▒▒▒▒...▒
P▒........€....▒
.>.....€.▒.5€▒b▒▒▒▒
..▒▒...5.▒▒▒5..b.b▒▒
.....▒▒▒▒▒▒.▒.8▒...▒
..▒.▒ ▒▒▒▒5S@▒.. ..%
▒▒.▒...P.... ..
▒.▒...▒▒▒▒ ▒.....▒
▒..▒▒▒▒ ▒▒.▒ .▒ .▒
..


You could see a black mamba, a friendly guardian golem, 2 friendly crimson imps
and a friendly white imp.

Vanquished Creatures
  A centaur zombie (D:12)
  A fire drake (D:10)
  A troll (D:11)
  A trapdoor spider zombie (D:12)
  6 yaks
  2 hippogriffs
  2 deep elf magi (D:11)
  A wraith (D:11)
  4 orc warriors
  An ice beast (D:7)
  A sky beast (D:6)
  An ogre (D:7)
  3 centaurs
  A giant frog (D:7)
  4 killer bees (D:9)
  2 scorpions (D:7)
  7 wights (D:10)
  2 quasits
  4 giant frog zombies
  3 goliath beetles
  Dowan (D:8)
  3 crimson imps
  3 hounds
  3 iguanas
  An orc priest (D:9)
  3 worker ants
  3 giant frog skeletons
  4 orc wizards
  A sheep (D:11)
  A mummy (D:9)
  4 adders
  A worker ant zombie (D:6)
  2 gnolls
  A white imp (D:12)
  A shadow imp (D:11)
  A worm (D:2)
  2 giant mites
  An adder skeleton (D:3)
  4 giant geckos
  An ooze (D:1)
  25 orcs
  3 giant cockroaches
  9 goblins
  6 hobgoblins
  6 jackals
  5 quokkas
  A ball python skeleton (D:4)
  8 bats
  A giant gecko skeleton (D:4)
  A giant gecko zombie (D:7)
  2 giant spores
  A jackal zombie (D:8)
  11 kobolds
  A quokka skeleton (D:4)
  6 rats
  2 ballistomycetes
177 creatures vanquished.

Vanquished Creatures (collateral kills)
  A mana viper (shapeshifter) (D:11)
  Maurice (D:10)
  A centaur skeleton (D:10)
  A two-headed ogre (D:11)
  A troll (D:11)
  2 shadows
  6 yaks
  A wraith (D:11)
  3 hippogriffs
  3 orc warriors
  4 ice beasts
  3 ogres
  2 sky beasts
  A big kobold (D:9)
  4 centaurs
  Duvessa (D:8)
  3 giant frogs
  A gnoll sergeant (D:9)
  2 scorpions
  6 wights
  A goliath beetle (D:6)
  2 crimson imps
  A hound (Lair:1)
  6 orc priests
  4 orc wizards
  2 sheep (D:11)
  Ijyb (D:6)
  A hound zombie (D:6)
  6 gnolls
  A shadow imp (D:11)
  7 adders
  24 orcs
  A hobgoblin (D:5)
  9 kobolds
  A ball python (D:1)
  3 bats
  A giant cockroach zombie (D:6)
  A goblin (D:1)
  An orc zombie (D:11)
  3 rats
123 creatures vanquished.

Vanquished Creatures (others)
  An unseen horror (D:10)
  A hill giant (D:11)
  2 cyclopes
  8 guardian golems
  14 wolves
  A mottled dragon (D:11)
  2 orc warriors
  51 crimson imps
  8 iron imps
  11 hounds
  An orc wizard (D:8)
  10 shadow imps
  25 white imps
  A hobgoblin (D:11)
  27 bats
  2 giant spores (D:7)
  80 quokkas
  27 rats
  13 butterflies
285 creatures vanquished.

Grand Total: 585 creatures vanquished

Notes
Turn   | Place    | Note
--------------------------------------------------------------
     0 | D:1      | Roderic, the Hill Orc Summoner, began the quest for the Orb.
     0 | D:1      | Reached XP level 1. HP: 14/14 MP: 2/2
   377 | D:1      | Reached XP level 2. HP: 18/20 MP: 1/3
  1286 | D:2      | Reached XP level 3. HP: 18/26 MP: 3/5
  1754 | D:3      | Noticed zkyp's ghost (average HEHu)
  2022 | D:4      | Noticed Eustachio
  2046 | D:3      | Learned a level 2 spell: Call Imp
  2304 | D:4      | Reached skill level 1 in Polearms
  2304 | D:4      | Reached XP level 4. HP: 18/34 MP: 4/6
  2504 | D:4      | Learned a level 3 spell: Call Canine Familiar
  2690 | D:4      | Reached skill level 1 in Fighting
  2838 | D:4      | Got an aquamarine-studded scale mail
  2920 | D:4      | Identified the +4 scale mail of Autotheism {+Inv Str-3 Dex+7 Stlth+} (You found it on level 4 of the Dungeon)
  3063 | D:4      | Noticed Prince Ribbit
  3097 | D:5      | Entered Level 5 of the Dungeon
  3345 | D:5      | Reached XP level 5. HP: 40/40 MP: 9/9
  3360 | D:5      | Noticed a sky beast
  3374 | D:5      | Killed a sky beast
  3410 | D:5      | Found a white marble altar of Elyvilon.
  3522 | D:5      | Noticed an ogre
  3542 | D:6      | Noticed Ijyb
  3553 | D:6      | Killed Ijyb
  3637 | D:6      | Noticed a centaur
  3646 | D:6      | Killed a centaur
  3646 | D:6      | Reached skill level 1 in Armour
  3646 | D:6      | Reached skill level 5 in Summonings
  3646 | D:6      | Reached XP level 6. HP: 47/47 MP: 3/11
  3691 | D:6      | Found a staircase to the Ecumenical Temple.
  3938 | D:4      | Found a glowing golden altar of the Shining One.
  4129 | D:5      | Found a stormy altar of Qazlal.
  4303 | D:6      | Noticed a centaur
  4314 | D:6      | Killed a centaur
  4448 | Temple   | Entered the Ecumenical Temple
  4558 | Temple   | Became a worshipper of Ru the Awakened
  4609 | D:6      | Noticed an orc warrior
  4775 | D:7      | Reached XP level 7. HP: 23/52 MP: 12/14
  4782 | D:7      | Learned a level 1 spell: Sting
  4795 | D:7      | Found Xybihus' Distillery.
  6048 | D:6      | Noticed a sky beast
  6111 | D:6      | Killed a sky beast
  6269 | D:7      | Reached XP level 8. HP: 46/61 MP: 14/16
  6315 | D:7      | Reached skill level 1 in Conjurations
  6315 | D:7      | Reached skill level 6 in Summonings
  6544 | D:7      | Bought 2 potions of heal wounds for 110 gold pieces
  6544 | D:7      | Bought a potion of curing for 33 gold pieces
  6938 | D:7      | Gained mutation: You cannot read scrolls while threatened. [Ru sacrifice]
  6938 | D:7      | Acquired Ru's first power
  8337 | D:7      | Reached skill level 5 in Armour
  8337 | D:7      | Reached XP level 9. HP: 38/68 MP: 20/20
  8480 | D:9      | Got a flickering lead ring
  8483 | D:9      | Identified the ring "Qaneaxzu" {Fire Dex+6} (You found it on level 9 of the Dungeon)
  8707 | D:9      | Got a creamy pearl robe
  8727 | D:9      | Identified the +0 robe "Haolaelo" {rPois+ Int+3 Dex+2} (You found it on level 9 of the Dungeon)
  8896 | D:8      | Noticed Dowan
  8897 | D:8      | Noticed Duvessa
  8911 | D:8      | Killed Dowan
  8943 | D:8      | Killed Duvessa
  9133 | D:8      | Learned a level 2 spell: Cure Poison
  9138 | D:8      | Learned a level 4 spell: Summon Guardian Golem
  9265 | D:8      | Reached skill level 7 in Summonings
  9581 | D:7      | HP: 3/70 [ogre/giant spiked club (33)]
  9681 | D:7      | Bought a potion of curing for 33 gold pieces
  9681 | D:7      | Bought a potion of curing for 33 gold pieces
  9681 | D:7      | Bought a potion of restore abilities for 55 gold pieces
  9681 | D:7      | Bought a potion of curing for 33 gold pieces
 10083 | D:9      | Reached skill level 1 in Poison Magic
 10198 | D:10     | Entered Level 10 of the Dungeon
 10198 | D:10     | Found a staircase to the Lair.
 10198 | D:10     | Noticed a fire drake
 10608 | D:10     | Killed a fire drake
 10608 | D:10     | Reached skill level 5 in Spellcasting
 10620 | D:10     | Found a shattered altar of Ashenzari.
 10829 | D:11     | Gained mutation: You cannot study or use magical devices. [Ru sacrifice]
 10829 | D:11     | Acquired Ru's second power
 10829 | D:11     | Acquired Ru's third power
 10829 | D:11     | Acquired Ru's fourth power
 10845 | D:11     | Found a staircase to the Orcish Mines.
 10913 | D:11     | Noticed a mana viper
 11088 | D:11     | Reached skill level 8 in Summonings
 11088 | D:11     | Reached XP level 10. HP: 41/78 MP: 17/22
 11419 | D:11     | Killed a mana viper
 11434 | D:11     | Noticed a hill giant
 11467 | D:11     | Killed a hill giant
 11567 | D:10     | Noticed Maurice
 11602 | D:10     | Killed Maurice
 11640 | D:10     | Noticed a centaur skeleton
 11653 | D:10     | Killed a centaur skeleton
 11859 | D:10     | Noticed a hill giant
 11981 | D:10     | Noticed an unseen horror
 11988 | D:10     | Killed an unseen horror
 12017 | D:9      | Reached skill level 9 in Summonings
 12595 | D:10     | Noticed a faun
 12810 | D:10     | Noticed a great orb of eyes
 13352 | D:11     | Noticed a cyclops
 13425 | D:11     | Killed a cyclops
 13425 | D:11     | Reached skill level 5 in Dodging
 13687 | D:11     | Reached skill level 1 in Hexes
 13687 | D:11     | Reached XP level 11. HP: 65/85 MP: 25/25
 14083 | D:12     | Reached skill level 5 in Polearms
 14342 | D:12     | Learned a level 1 spell: Summon Butterflies
 14456 | D:12     | Found a gateway to a bazaar.
 14456 | D:12     | Noticed an obsidian statue
 14844 | D:11     | HP: 4/85 [orc warrior/hand axe (9)]
 15354 | D:12     | Reached skill level 10 in Summonings
 15529 | D:11     | Found a roughly hewn altar of Beogh.
 15611 | Lair:1   | Entered Level 1 of the Lair of Beasts
 15640 | Lair:1   | Slain by a black mamba

Action                   |  1- 3 |  4- 6 |  7- 9 | 10-12 || total
-------------------------+-------+-------+-------+-------++-------
Melee: Club              |     7 |       |       |       ||     7
       Unarmed           |     3 |       |       |       ||     3
       Spear             |   140 |   184 |   588 |   465 ||  1377
       Halberd           |       |       |       |     6 ||     6
 Fire: Hunting sling     |       |       |     3 |    19 ||    22
Throw: Stone             |     2 |       |     6 |       ||     8
       Throwing net      |       |       |     2 |       ||     2
 Cast: Summon Small Mamm |    28 |    28 |   101 |    45 ||   202
       Call Imp          |       |    21 |    77 |    74 ||   172
       Call Canine Famil |       |     1 |    10 |    21 ||    32
       Sting             |       |       |    33 |    33 ||    66
       Summon Guardian G |       |       |     3 |    12 ||    15
       Cure Poison       |       |       |       |     1 ||     1
       Summon Butterflie |       |       |       |     7 ||     7
Invok: Sacrifice Words   |       |       |     1 |       ||     1
       Sacrifice Artific |       |       |     1 |       ||     1
       Draw Out Power    |       |       |       |     2 ||     2
 Abil: Evoke Teleport Co |       |     1 |       |       ||     1
Evoke: Wand              |       |     1 |     3 |       ||     4
  Use: Scroll            |     2 |     4 |     6 |     4 ||    16
       Potion            |       |     4 |    14 |     4 ||    22
 Stab: Sleeping          |     1 |       |     1 |     1 ||     3
       Distracted        |       |     2 |     3 |     3 ||     8
       Paralysed         |       |       |     9 |    12 ||    21
       Confused          |       |       |       |     4 ||     4
       Petrifying        |       |       |       |     2 ||     2
       Invisible         |       |       |       |     3 ||     3
       Petrified         |       |       |       |     1 ||     1
  Eat: Bread ration      |     1 |     1 |     3 |     4 ||     9
       Beef jerky        |       |     2 |       |       ||     2
       Meat ration       |       |     1 |       |       ||     1
       Chunk             |       |     1 |       |       ||     1
       Pizza             |       |       |     2 |       ||     2
       Royal jelly       |       |       |     1 |       ||     1
       Fruit             |       |       |     3 |       ||     3
